 Dungeon Crawl Stone Soup version 0.26-a0-652-gafc20e3620 (webtiles) character file.

Game seed: 18057030355382268574

10061 rogsnak the Cleaver (level 11, 0/100 HPs)
             Began as a Palentonga Gladiator on Oct 3, 2020.
             Was a High Priest of Okawaru.
             Slain by Urug
             ... wielding a +2 vorpal great sword
              (1 damage)
             ... on level 10 of the Dungeon.
             The game lasted 00:32:41 (12990 turns).

rogsnak the Cleaver (Palentonga Gladiator)         Turns: 12990, Time: 00:32:41

Health: 0/100      AC: 12    Str: 17 (20) XL:     11   Next: 31%
Magic:  8/13       EV: 11    Int:  9 (10) God:    Okawaru [*****.]
Gold:   512        SH:  0    Dex:  8 (11) Spells: 10/10 levels left

rFire    + . .     SeeInvis +   R - +4 battleaxe
rCold    + . .     Faith    .   (shield currently unavailable)
rNeg     . . .     Spirit   .   c - +0 troll leather armour
rPois    +         Reflect  .   v - +2 helmet
rElec    +         Harm     .   e - +0 cloak
rCorr    +         Rampage  .   F - +1 pair of gloves
MR       .....                  (no barding)
Stlth    ++++......             (no amulet)
HPRegen  0.66/turn              A - ring of stealth
MPRegen  0.13/turn              D - ring of stealth

@: resistant, finesse
A: large, rugged brown scales 3, see invisible, deformed body, roll, armoured
tail
a: Rolling Charge, Heroism, Finesse, Renounce Religion


You were on level 10 of the Dungeon.
You worshipped Okawaru.
Okawaru was extremely pleased with you.
You visited 1 branch of the dungeon, and saw 10 of its levels.
You also visited: Ossuary.

You collected 512 gold pieces.

Inventory:

Hand Weapons
 t - a +0 hunting sling
 y - a +1 vampiric hand axe
 z - a +1 dagger of electrocution
 Q - a cursed -1 flail
 R - a +4 battleaxe (weapon)
 Y - a +2 flail of venom
Missiles
 d - 3 throwing nets (quivered)
 h - 159 bolts
 s - 64 sling bullets
 C - 28 poisoned darts
 H - 168 arrows
 Z - 2 curare-tipped darts
Armour
 c - a +0 troll leather armour (worn)
 e - a +0 cloak (worn)
 v - a +2 helmet (worn)
 F - a +1 pair of gloves (worn)
Jewellery
 l - an uncursed ring of protection from magic
 m - an uncursed ring of flight
 A - a ring of stealth (left hand)
 D - a ring of stealth (right hand)
 O - an uncursed ring of fire
Wands
 a - a wand of acid (8)
 b - a wand of flame (18)
 L - a wand of disintegration (36)
 X - a wand of random effects (18)
Scrolls
 g - a scroll of enchant weapon {unknown}
 j - 6 scrolls of remove curse
 k - 7 scrolls of teleportation {unknown}
 n - 10 scrolls of identify {unknown}
 o - a scroll of fear {unknown}
 r - 4 scrolls of noise {unknown}
 x - 2 scrolls of amnesia {unknown}
 J - a scroll of fog {unknown}
 M - 3 scrolls of immolation {unknown}
 N - 2 scrolls of acquirement {unknown}
 P - 4 scrolls of enchant armour {unknown}
 T - 2 scrolls of brand weapon {unknown}
 U - a scroll of blinking {unknown}
 W - 2 scrolls of magic mapping {unknown}
Potions
 f - 7 potions of heal wounds {unknown}
 p - 2 potions of brilliance {unknown}
 q - 4 potions of lignification {unknown}
 w - 7 potions of might {unknown}
 B - 2 potions of cancellation {unknown}
 E - 2 potions of mutation {unknown}
 G - 4 potions of curing {unknown}
 I - 3 potions of haste {unknown}
 K - 2 potions of stabbing {unknown}
 S - 2 potions of flight {unknown}
 V - a potion of magic {unknown}


   Skills:
 + Level 7.9 Fighting
 - Level 13.0 Axes
 + Level 1.5 Throwing
 + Level 4.1 Armour
 + Level 5.7 Dodging
 + Level 2.7 Stealth
 * Level 3.1 Invocations
 + Level 0.2 Evocations


You had 10 spell levels left.
You didn't know any spells.
Your spell library was empty.

Dungeon Overview and Level Annotations

Branches:
Dungeon (10/15)            Temple (0/1) D:4            Lair (0/6) D:9
    Orc (0/2) D:9         Ossuary (visited)

Altars:
Ashenzari
Dithmenos
Gozag
Kikubaaqudgha
Okawaru
Sif Muna
Uskayaw
Zin

Shops:
D:4 :   D:7 }   D:8 ?   D:9 *

Annotations:
D:10 Urug


Innate Abilities, Weirdness & Mutations

You are completely covered in rugged brown scales. (AC +3, +7% HP)
You have supernaturally acute eyesight. (SInv)
Armour fits poorly on your strangely shaped body.
You can roll at foes to attack.
You have a long armoured tail.


Message History

Urug is heavily wounded.
Urug hits you with a +2 vorpal great sword!!
* * * LOW HITPOINT WARNING * * *
x2 Unknown command.
Evoke which item? (* to show all) (? for menu, Esc to quit)
Okay, then.
Okay, then.
Unknown command.
Okay, then.
Okay, then.
You don't know any spells.
Unknown command.
It was a potion of resistance.
You feel protected.
It was a potion of degeneration.
There was something very wrong with that liquid.
You feel weakened.
You feel dopey.
You feel clumsy.
Urug hits you with a +2 vorpal great sword!
* * * LOW HITPOINT WARNING * * *
You die...

#..........
........##........>.
..... .............
..... #...>.......
... ##.......... ...
#.......... #a#
#.......... #o#
#####'##### #@# ##.#
#.# #..# #.#
##†###### ###.#
#.......# #..(#
#.......# #.###
#........ ##.#
#.......# #..#
#####.### #.## #.#


You could see Urug and a worker ant.

Vanquished Creatures
  Erolcha (D:10)
  An unseen horror (D:10)
  Pikel (D:4)
  Maurice (D:10)
  3 trolls (D:10)
  A hippogriff (D:10)
  A yak (D:10)
  A warg (D:9)
  A porcupine (D:9)
  2 sky beasts
  3 orc warriors
  6 ice beasts
  4 black bears
  2 phantoms
  6 ogres
  A necrophage (D:8)
  A crocodile (D:9)
  5 centaurs
  3 lemures
  2 big kobolds (D:10)
  6 bullfrogs
  A water moccasin zombie (D:7)
  15 scorpions
  8 wights
  3 howler monkeys
  3 centaur zombies
  A bullfrog zombie (D:10)
  12 hounds
  2 jellies
  A centaur skeleton (D:10)
  A gnoll shaman (D:8)
  3 human zombies (Ossuary)
  6 orc priests
  9 orc wizards
  5 bullfrog skeletons
  3 iguanas
  8 worker ants
  A big kobold zombie (Ossuary)
  A hound zombie (D:8)
  3 mummies (Ossuary)
  2 worker ant zombies
  4 scorpion zombies (Ossuary)
  16 adders
  13 gnolls
  4 shadow imps
  A white imp (D:6)
  4 ufetubi
  2 oozes
  2 adder skeletons
  2 adder zombies
  4 worms
  2 dart slugs (D:1)
  7 leopard geckos
  47 orcs
  9 bats
  5 giant cockroaches
  6 gnoll zombies (Ossuary)
  9 goblins
  9 hobgoblins
  9 jackals
  4 quokkas
  3 ball pythons
  3 frilled lizards
  A goblin zombie (Ossuary)
  2 hobgoblin zombies (Ossuary)
  20 kobolds
  4 kobold zombies (Ossuary)
  2 orc zombies (Ossuary)
  A quokka skeleton (D:5)
  2 quokka zombies
  7 rats
344 creatures vanquished.

Vanquished Creatures (others)
  A hobgoblin zombie (Ossuary)
  6 fungi (D:9)
  11 plants
18 creatures vanquished.

Grand Total: 362 creatures vanquished

Notes
Turn   | Place    | Note
-------+----------+-------------------------------------------
     0 | D:1      | rogsnak the Palentonga Gladiator began the quest for the
                  | Orb.
     0 | D:1      | Reached XP level 1. HP: 18/18 MP: 1/1
   176 | D:1      | Reached XP level 2. HP: 25/25 MP: 2/2
   604 | D:1      | Reached XP level 3. HP: 31/31 MP: 3/3
  1141 | D:2      | Reached skill level 4 in Axes
  1163 | D:2      | Reached XP level 4. HP: 24/39 MP: 4/4
  1419 | D:2      | Found a glowing silver altar of Zin.
  1466 | D:2      | Found a shadowy altar of Dithmenos.
  1466 | D:2      | Found a broken altar of Ashenzari.
  1471 | D:2      | Found an ancient bone altar of Kikubaaqudgha.
  1473 | D:2      | Found an opulent altar of Gozag.
  1474 | D:2      | Found a faded altar of an unknown god.
  1552 | D:2      | Found a hide-covered altar of Uskayaw.
  1758 | D:3      | Reached skill level 1 in Armour
  1813 | D:3      | Found an iron altar of Okawaru.
  1821 | D:3      | Became a worshipper of Warmaster Okawaru
  1851 | D:3      | Reached XP level 5. HP: 41/44 MP: 5/5
  2172 | D:3      | Reached skill level 5 in Axes
  2749 | D:3      | Noticed a sky beast
  2768 | D:3      | Killed a sky beast
  2768 | D:3      | Reached XP level 6. HP: 47/53 MP: 6/6
  2959 | D:4      | Noticed Pikel
  3148 | D:3      | Reached * piety under Okawaru
  3148 | D:3      | Reached skill level 6 in Axes
  3243 | D:4      | Reached XP level 7. HP: 45/60 MP: 7/7
  3385 | D:4      | Found Noenied's Book Emporium.
  3760 | D:4      | Killed Pikel
  3760 | D:4      | Reached ** piety under Okawaru
  3760 | D:4      | Reached skill level 7 in Axes
  3760 | D:4      | Reached XP level 8. HP: 38/70 MP: 8/8
  4136 | D:4      | Found a staircase to the Ecumenical Temple.
  4326 | D:5      | Entered Level 5 of the Dungeon
  4348 | D:4      | Reached skill level 8 in Axes
  5808 | D:6      | Reached skill level 5 in Fighting
  5808 | D:6      | Reached skill level 1 in Stealth
  5957 | D:6      | Reached skill level 9 in Axes
  5957 | D:6      | Reached XP level 9. HP: 69/79 MP: 9/9
  6532 | D:6      | Reached *** piety under Okawaru
  7096 | D:7      | Found a sand-covered staircase.
  7161 | Ossuary  | Entered an ossuary
  7831 | Ossuary  | Reached skill level 10 in Axes
  8654 | D:7      | Reached **** piety under Okawaru
  8715 | D:7      | Reached XP level 10. HP: 60/88 MP: 10/10
  8949 | D:7      | Reached skill level 11 in Axes
  9432 | D:7      | Found Agad's Gadget Boutique.
  9789 | D:8      | Found Nuxaras's Magic Scroll Shoppe.
 10226 | D:8      | Reached skill level 5 in Dodging
 10403 | D:9      | Found Cuixt's General Store.
 10522 | D:9      | Found a staircase to the Orcish Mines.
 11113 | D:9      | Found a staircase to the Lair.
 11487 | D:9      | Reached ***** piety under Okawaru
 11487 | D:9      | Reached skill level 12 in Axes
 11510 | D:9      | Found a shimmering blue altar of Sif Muna.
 11807 | D:10     | Entered Level 10 of the Dungeon
 11807 | D:10     | Noticed an unseen horror
 11817 | D:10     | Killed an unseen horror
 11878 | D:10     | Noticed Erolcha
 11887 | D:10     | Killed Erolcha
 12094 | D:10     | Reached XP level 11. HP: 57/98 MP: 11/11
 12315 | D:10     | Reached skill level 1 in Invocations
 12388 | D:10     | Noticed Maurice
 12396 | D:10     | Killed Maurice
 12487 | D:10     | Reached skill level 13 in Axes
 12493 | D:10     | Received a gift from Okawaru
 12978 | D:10     | Noticed Urug
 12990 | D:10     | HP: 1/100 [Urug/+2 vorpal great sword (11)]
 12990 | D:10     | Slain by Urug

Illustrated notes

Levels and vault maps discovered:
D:1:      dpeg_arrival_connections, layout_loops_ring
D:2:      layout_rooms, chequers_temple_overflow_minitemple, old_standard_altar,
          zin_statuary, minmay_door_square
D:3:      layout_loops_ring, okawaru_metal_pillars_1_2, minmay_misc_feat_roman,
          st_stairs_1
D:4:      layout_cave_pools, minmay_temple_entry_from_below_b, serial_shops,
          shop, grunt_ministairs_14, cheibrodos_gnoll_hut, uniq_pikel
D:5:      layout_loops_ring, minmay_misc_feat_alley
D:6:      layout_basic
D:7:      layout_basic, lightli_ossuary_entry_decrepit_ruins, serial_shops,
          kennysheep_little_box, serial_bayou_crossing
D:8:      layout_layer_cave, serial_shops, nicolae_shop_crystal
D:9:      layout_loops_ring, grunt_lair_entry_orc_guard_hut, erik_orc_3,
          serial_shops, nicolae_shop_statue_plus, minmay_misc_feat_nine_boxes,
          minmay_ruined_shrine
D:10:     layout_roguey, kennysheep_kite_vault, uniq_urug, uniq_maurice,
          uniq_erolcha

Skill      XL: |  1  2  3  4  5  6  7  8  9 10 11 |
---------------+----------------------------------+-----
Axes           | 4 5 6 7 9 10 12 13 | 13.0
Armour         | 1 2 3 4 |  4.1
Dodging        | 3 4 5 |  5.7
Fighting       | 3 4 5 6 7 |  7.9
Stealth        | 1 2 |  2.7
Invocations    | 3 |  3.1
Throwing       | |  1.5
Evocations     | |  0.2

Action                   |  1- 3 |  4- 6 |  7- 9 | 10-12 || total
-------------------------+-------+-------+-------+-------++-------
Melee: War axe           |    83 |    88 |       |       ||   171
       Tailslap          |     6 |    22 |    73 |    41 ||   142
       Hand axe          |       |    93 |   334 |       ||   427
       Battleaxe         |       |       |   178 |   328 ||   506
Throw: Throwing net      |       |     1 |       |       ||     1
       Stone             |       |       |     2 |     1 ||     3
Invok: Finesse           |       |       |       |     1 ||     1
 Abil: Rolling Charge    |    18 |    25 |    47 |    38 ||   128
       Evoke Flight      |       |     1 |       |       ||     1
Evoke: Wand              |       |       |       |     1 ||     1
  Use: Scroll            |       |       |     1 |       ||     1
       Potion            |       |       |       |     2 ||     2
 Stab: Sleeping          |       |       |     9 |     4 ||    13
Armor: Leather armour    |    31 |    45 |   144 |    89 ||   309
       Troll leather arm |       |       |       |    38 ||    38
Dodge: Dodged            |    47 |    86 |   229 |   146 ||   508

Table legend: (Time is in decaauts)
 A = Elapsed time spent in this place.
 B = Non-inter-level travel time spent in this place.
 C = Inter-level travel time spent in this place.
 D = Time resting spent in this place.
 E = Time spent auto-exploring this place.
 F = Levels seen in this place.
 G = Mean time per level.
                   A        B        C        D        E       F      G
               +--------+--------+--------+--------+--------+-----+--------+
         Total |  13084 |  12814 |    270 |   4178 |   4638 |  11 | 1189.5 |
       Dungeon |  12018 |  11748 |    270 |   3542 |   4638 |  10 | 1201.8 |
       Ossuary |   1065 |   1065 |      0 |    636 |      0 |   1 | 1065.0 |
               +--------+--------+--------+--------+--------+-----+--------+

Top non-repeatable levels by time:
     D:3: 1553 daAuts
     D:7: 1450 daAuts
     D:9: 1447 daAuts
     D:6: 1379 daAuts
     D:4: 1279 daAuts
    D:10: 1189 daAuts
     D:5: 1100 daAuts
 Ossuary: 1065 daAuts
     D:1: 969 daAuts
     D:8: 838 daAuts
     D:2: 811 daAuts
